 Dungeon Crawl Stone Soup version 0.30.1-5-ged363bc7ee (webtiles) character file.

Game seed: 8645942695361344444

41 Almogavar the Shield-Bearer (level 3, 0/28 HPs)
             Began as a Gnoll Wanderer on Sept 19, 2023.
             Slain by Jessica
             ... wielding a +0 club
              (4 damage)
             ... on level 2 of the Dungeon.
             The game lasted 00:09:02 (1807 turns).

Almogavar the Shield-Bearer (Gnoll Wanderer)        Turns: 1807, Time: 00:09:03

Health: 0/28       AC:  6    Str: 13    XL:     3   Next: 52%
Magic:  7/7        EV: 11    Int:  9    God:
Gold:   103        SH:  7    Dex: 13    Spells: 6/7 levels left

rFire   . . .        o - +2 mace (protect)
rCold   . . .        b - +2 buckler
rNeg    . . .        e - +0 leather armour
rPois   .            (no helmet)
rElec   .            c - +0 cloak
rCorr   .            f - +0 pair of gloves
SInv    .            (no boots)
Will    .....        (no amulet)
Stlth   ++           (no ring)
HPRegen 0.24/turn    (no ring)
MPRegen 0.10/turn

%: no passive effects
@: on berserk cooldown, flying, slowed, very slow
A: fangs 1, strong nose, distributed training
a: no special abilities


You were on level 2 of the Dungeon.
You visited 1 branch of the dungeon, and saw 2 of its levels.

You collected 103 gold pieces.

Inventory:

Hand Weapons
 o - a +2 mace of protection (weapon)
Armour
 b - a +2 buckler (worn)
 c - a +0 cloak (worn)
 e - a +0 leather armour (worn)
 f - a +0 pair of gloves (worn)
 h - a +0 ring mail
Scrolls
 a - a scroll of summoning {unknown}
 d - a scroll of teleportation
 m - a scroll of fog
 p - a scroll of identify {unknown}
 q - 2 scrolls of blinking {unknown}
 r - a scroll of immolation {unknown}
Potions
 i - a potion of brilliance {unknown}
 j - 2 potions of flight
 k - a potion of lignification {unknown}
 l - a potion of resistance {unknown}
 n - 2 potions of curing {unknown}


   Skills:
 + Level 2.6 Fighting
 + Level 0.9 Short Blades
 + Level 0.9 Long Blades
 + Level 0.9 Axes
 + Level 2.6 Maces & Flails
 + Level 0.9 Polearms
 + Level 0.9 Staves
 + Level 0.9 Ranged Weapons
 + Level 0.9 Throwing
 + Level 4.5 Armour
 + Level 2.6 Dodging
 + Level 2.4 Stealth
 + Level 6.5 Shields
 + Level 0.9 Unarmed Combat
 + Level 2.8 Spellcasting
 + Level 0.6 Conjurations
 + Level 0.6 Hexes
 + Level 0.6 Summonings
 + Level 0.6 Necromancy
 + Level 0.6 Translocations
 + Level 0.6 Transmutations
 + Level 0.6 Fire Magic
 + Level 0.6 Ice Magic
 + Level 0.6 Air Magic
 + Level 0.6 Earth Magic
 + Level 0.6 Poison Magic
 + Level 1.0 Invocations
 + Level 0.9 Evocations


You had 6 spell levels left.
You knew the following spells:

 Your Spells              Type           Power      Damage    Failure   Level
a - Summon Small Mammal   Summ           8%         N/A       36%         1

Your spell library contained the following spells:

 Spells                   Type           Power      Damage    Failure   Level
 Apportation              Tloc           4%         N/A       36%         1
 Necrotise                Necr           8%         1d4       36%         1
 Blink                    Tloc           4%         N/A       50%         2
 Lesser Beckoning         Tloc           4%         N/A       50%         2
 Momentum Strike          Conj/Tloc      4%         3d8       50%         2


Dungeon Overview and Level Annotations

Branches:
Dungeon (2/15)

Altars:

Annotations:
D:2 Jessica


Innate Abilities, Weirdness & Mutations

You have very sharp teeth.
Your uncanny sense of smell can sniff out nearby items.
Your experience applies equally to all skills.


Message History

You block Jessica's attack. Jessica casts a spell at you.
Pain shoots through your body!
You barely miss Jessica. You bite Jessica, but do no damage.
Jessica is moderately wounded.
Jessica closely misses you. You block Jessica's attack. x2
You hit Jessica. You bite Jessica, but do no damage.
Jessica is severely wounded.
Jessica gestures at you while chanting. Pain shoots through your body!
* * * LOW HITPOINT WARNING * * *
You are too injured to fight recklessly!
You are too injured to fight recklessly!
You are too injured to fight recklessly!
You are too injured to fight recklessly!
You are too injured to fight recklessly!
You are too injured to fight recklessly!
It was a potion of flight.
You feel very buoyant.
You fly up into the air.
Jessica misses you. You block Jessica's attack.
It was a potion of berserk rage.
A red film seems to cover your vision as you go berserk!
You feel yourself moving faster!
You feel mighty! Jessica barely misses you.
You closely miss Jessica.
Jessica is severely wounded.
You block Jessica's attack.
Jessica casts a spell.
Jessica blinks!
You feel a strong urge to attack something.
You feel your anger nearly subside.
You are no longer berserk.
You are exhausted.
You feel yourself slow down.
Jessica gestures wildly while chanting.
Jessica blinks!
Jessica gestures at you while chanting. Pain shoots through your body!
* * * LOW HITPOINT WARNING * * *
Jessica hits you with a +0 club.
You die...

####### #.....#####
#######.....#....
#...........#....
####...........#....
#............>......
#..@.......##.#.....
#..@.......##.##....
#.^........##.######
#................ ..
#....#...............
#....##.$?............
#..?. ............ ...
#............##... ..
#(...........# #######
##....


You could see Jessica (fast).

Vanquished Creatures
  An adder (D:2)
  A dart slug (D:1)
  2 bats
  5 endoplasms
  A giant cockroach (D:1)
  A hobgoblin (D:1)
  2 jackals (D:2)
  3 kobolds
  A quokka (D:1)
  2 ball pythons
  A frilled lizard (D:2)
  4 goblins
  A rat (D:2)
25 creatures vanquished.

Notes
Turn   | Place    | Note
-------+----------+-------------------------------------------
     0 | D:1      | Almogavar the Gnoll Wanderer began the quest for the Orb.
     0 | D:1      | Almogavar set off with the following items: a +0 mace, a +2
                  | buckler, a +0 cloak, a scroll of teleportation, a +0
                  | leather armour.
     0 | D:1      | Reached XP level 1. HP: 17/17 MP: 4/4
    78 | D:1      | Learned a level 1 spell: Summon Small Mammal
   352 | D:1      | Reached XP level 2. HP: 19/23 MP: 5/5
  1424 | D:2      | Reached XP level 3. HP: 28/28 MP: 7/7
  1461 | D:2      | Found a faded altar of an unknown god.
  1685 | D:2      | Reached skill level 1 in Invocations
  1782 | D:2      | Noticed Jessica
  1807 | D:2      | Slain by Jessica

Illustrated notes

Levels and vault maps discovered:
D:1:      dpeg_arrival_shelter, layout_basic
D:2:      layout_basic, dreamdust_ecumenical_altar_hidden_monk_grotto, hex_tiny,
          uniq_jessica

Skill      XL: |  1  2  3 |
---------------+----------+-----
Invocations    | 1 |  1.0
Fighting       | |  2.6
Short Blades   | |  0.9
Long Blades    | |  0.9
Axes           | |  0.9
Maces & Flails | |  2.6
Polearms       | |  0.9
Staves         | |  0.9
Ranged Weapons | |  0.9
Throwing       | |  0.9
Armour         | |  4.5
Dodging        | |  2.6
Stealth        | |  2.4
Shields        | |  6.5
Unarmed Combat | |  0.9
Spellcasting   | |  2.8
Conjurations   | |  0.6
Hexes          | |  0.6
Summonings     | |  0.6
Necromancy     | |  0.6
Translocations | |  0.6
Transmutations | |  0.6
Fire Magic     | |  0.6
Ice Magic      | |  0.6
Air Magic      | |  0.6
Earth Magic    | |  0.6
Poison Magic   | |  0.6
Evocations     | |  0.9

Action                     || total
---------------------------++-------
  Melee: Mace              ||   111
         Bite              ||     7
    Use: Scroll            ||     2
         Potion            ||     2
   Stab: Sleeping          ||     3
 Armour: Leather armour    ||    34
  Dodge: Dodged            ||    57
  Block: Buckler           ||    43
